 Dungeon Crawl Stone Soup version 0.28.0-53-g5a82cb258f (webtiles) character file.

Game seed: 2251695697062842672

257656 Sin92 the Severer (level 19, -3/155 HPs)
             Began as a Demonspawn Fighter on July 16, 2022.
             Was an Initiate of Yredelemnul.
             Killed from afar by a hell knight (14 damage)
             ... with a bolt of fire
             ... on level 1 of the Depths on July 17, 2022.
             The game lasted 01:43:11 (28057 turns).

Sin92 the Severer (Demonspawn Fighter)             Turns: 28057, Time: 01:43:12

Health: -3/155     AC: 26    Str: 19    XL:     19   Next: 10%
Magic:  27/27      EV: 19    Int: 17    God:    Yredelemnul [......]
Gold:   426        SH: 23    Dex: 29    Spells: 18/18 levels left

rFire   . . .      SeeInvis .   a - +2 war axe (flame)
rCold   . . .      Faith    .   o - +2 kite shield {AC+3}
rNeg    + + .      Spirit   .   l - +5 scale mail "Gulug" {Regen+ Dex+6}
rPois   +          Reflect  +   p - +2 helmet
rElec   +          Harm     .   S - +2 cloak
rCorr   .          Rampage  .   N - +0 pair of gloves
Will    ++++.                   (boots unavailable)
Stlth   ++........              f - amulet "Uqief" {Reflect Fly rElec Will++ SH+5 Stlth+}
HPRegen 1.15/turn               J - ring of poison resistance
MPRegen 0.20/turn               D - ring of Camiq {rN++ Will+ Dex+6}

@: flying
A: hooves 3, ignite blood 3, spiny 2, augmentation 1, big brain 3, sense
surroundings 1
}: 2/15 runes: decaying, serpentine
a: Renounce Religion, Recall Undead Harvest


You were on level 1 of the Depths.
You worshipped Yredelemnul.
Yredelemnul was aware of your devotion.
You visited 6 branches of the dungeon, and saw 32 of its levels.
You also visited: Sewer, Bailey and Ice Cave.

You collected 3835 gold pieces.
You spent 3409 gold pieces at shops.

Inventory:

Hand Weapons
 a - a +2 war axe of flaming (weapon)
 y - a +1 whip of flaming
Missiles
 t - 4 throwing nets (quivered)
Armour
 c - a +0 buckler
 l - the +5 scale mail "Gulug" (worn) {Regen+ Dex+6}
   (You found it on level 3 of the Dungeon)

   Dex:       It affects your dexterity (+6).
   Regen:     It increases your rate of health regeneration.
 o - a +2 kite shield of protection (worn)
 p - a +2 helmet (worn)
 L - a +0 plate armour of poison resistance
 N - a +0 pair of gloves (worn)
 S - a +2 cloak (worn)
Jewellery
 f - the amulet "Uqief" (around neck) {Reflect Fly rElec Will++ SH+5 Stlth+}
   (You bought it in a shop on level 2 of the Orcish Mines)

   [amulet of reflection]

   It reflects blocked missile attacks.
   rElec:     It insulates you from electricity.
   Fly:       It grants you flight.
   SH:        It affects your SH (+5).
   Will:      It greatly increases your willpower.
   Stlth:     It makes you more stealthy.
 j - a +6 ring of strength
 m - a ring of resist corrosion
 q - a ring of protection from fire
 u - a ring of see invisible
 x - a ring of positive energy
 D - the ring of Camiq (right hand) {rN++ Will+ Dex+6}
   (You bought it in a shop on level 2 of the Snake Pit)

   [ring of dexterity]

   Dex:       It affects your dexterity (+6).
   rN:        It greatly protects you from negative energy.
   Will:      It increases your willpower.
 G - the ring "Oshreo Qereom" {rF+ rC- Str+2 Int+6 Dex+7}
   (You found it on level 3 of the Snake Pit)

   [ring of intelligence]

   Str:       It affects your strength (+2).
   Int:       It affects your intelligence (+6).
   Dex:       It affects your dexterity (+7).
   rF:        It protects you from fire.
   rC:        It makes you vulnerable to cold.
 J - a ring of poison resistance (left hand)
 P - a +6 ring of dexterity
 W - a ring of protection from cold
Wands
 b - a wand of mindburst (7)
 i - a wand of acid (3)
 s - a wand of digging (13)
 B - a wand of flame (14)
 E - a wand of polymorph (5)
 F - a wand of paralysis (5)
 R - a wand of charming (5)
Scrolls
 k - 6 scrolls of teleportation
 r - 8 scrolls of magic mapping
 A - 10 scrolls of identify
 C - 6 scrolls of fog
 K - 5 scrolls of fear
 O - 2 scrolls of enchant armour
 T - 2 scrolls of enchant weapon
 X - a scroll of blinking
Potions
 d - 3 potions of might
 e - 2 potions of magic
 g - 4 potions of mutation
 h - 6 potions of curing
 n - 6 potions of brilliance
 v - 4 potions of haste
 w - 5 potions of ambrosia
 H - 2 potions of resistance
 I - 6 potions of heal wounds
 M - a potion of cancellation
 Q - a potion of berserk rage


   Skills:
 + Level 15.1 Fighting
 * Level 19.1 Axes
 + Level 14.0 Armour
 + Level 10.7 Dodging
 + Level 14.0 Shields
 - Level 11.7 Invocations


You had 18 spell levels left.
You didn't know any spells.
Your spell library contained the following spells:

 Spells                   Type           Power      Damage    Failure   Level
 Foxfire                  Conj/Fire      0%         2x1d4     34%         1
 Magic Dart               Conj           0%         1d3       34%         1
 Searing Ray              Conj           0%         2d4       47%         2
 Conjure Flame            Conj/Fire      0%         6-21      71%         3
 Gell's Gravitas          Tloc           0%         N/A       71%         3
 Ignite Poison            Fire/Tmut/Pois 0%         N/A       71%         3
 Inner Flame              Hex/Fire       0%         N/A       71%         3
 Mephitic Cloud           Conj/Pois/Air  0%         N/A       71%         3
 Portal Projectile        Hex/Tloc       0%         N/A       71%         3
 Teleport Other           Tloc           0%         N/A       71%         3
 Tukima's Dance           Hex            0%         N/A       71%         3
 Anguish                  Hex/Necr       0%         N/A       97%         4
 Animate Armour           Summ/Erth      0%         N/A       97%         4
 Cause Fear               Hex            0%         N/A       97%         4
 Flame Wave               Conj/Fire      0%         2d4       97%         4
 Fulminant Prism          Conj/Hex       0%         3d6       97%         4
 Sticky Flame             Conj/Fire      0%         2d3       97%         4
 Blade Hands              Tmut           0%         N/A       100%        5
 Excruciating Wounds      Necr           0%         N/A       100%        5
 Fireball                 Conj/Fire      0%         3d3       100%        5
 Freezing Cloud           Conj/Ice/Air   0%         6-21      100%        5
 Dispersal                Tloc           0%         N/A       100%        6
 Iron Shot                Conj/Erth      0%         9d1       100%        6
 Starburst                Conj/Fire      0%         6d3       100%        6
 Enfeeble                 Hex            0%         N/A       100%        7
 Malign Gateway           Summ/Tloc      0%         N/A       100%        7
 Discord                  Hex            0%         N/A       100%        8
 Ignition                 Fire           0%         3d3       100%        8
 Summon Horrible Things   Summ           0%         N/A       100%        8


Dungeon Overview and Level Annotations

Branches:
Dungeon (15/15)            Temple (0/1) D:4            Lair (6/6) D:11
  Swamp (4/4) Lair:3        Snake (4/4) Lair:4        Slime (0/5) Lair:6
    Orc (2/2) D:9             Elf (0/3) Orc:2        Vaults (0/5) D:14
 Depths (1/4) D:15          Sewer (visited)          Bailey (visited)
  IceCv (visited)

Altars:
Dithmenos
Sif Muna
Uskayaw
Wu Jian
Yredelemnul

Shops:
D:2 [   Orc:2 =?[=   Snake:2 ==:

Portals:
Hell: Depths:1
Trove: D:12 (give +2 shadow dragon scales)

Annotations:
Swamp:4 2 transporters, firemarshallily's ghost, adept MfGl


Innate Abilities, Weirdness & Mutations

You have hooves in place of feet.
Your demonic aura causes all spilled blood to erupt in flames.
You are mostly covered in sharp spines.
Your magical and physical power is slightly enhanced at high health.
You have an absolutely massive brain. (Int +6, Wiz)
You passively map a small area around you.


Message History

The hell knight seems to speed up.
The hell knight casts a spell at you.
The bolt of fire hits the hell knight.
The hell knight completely resists.
The bolt of fire misses you.
The hell knight gestures at you while chanting.
The bolt of fire hits you!
You barely miss the hell knight. You kick the hell knight.
The hell knight is heavily wounded.
The hell knight hits you with a +1 vorpal great sword!
You block the hell knight's attack.
You slash the hell knight! You kick the hell knight.
The hell knight is severely wounded.
You block the hell knight's attack.
You slash the hell knight! Your kick misses the hell knight.
The hell knight is almost dead.
The hell knight gestures wildly while chanting.
The hell knight blinks!
Unknown command.
You hit the hell knight.
You kick the hell knight, but do no damage.
The hell knight is heavily wounded.
You slash the hell knight! Your kick misses the hell knight.
The hell knight is heavily wounded.
The hell knight casts a spell at you.
The bolt of fire hits the hell knight.
The hell knight completely resists.
The bolt of fire hits the hell knight.
The hell knight completely resists.
The bolt of fire hits you!!
* * * LOW HITPOINT WARNING * * *
You block the hell knight's attack.
You hit the hell knight.
The hell knight is severely wounded.
The hell knight points at you and mumbles some strange words.
The bolt of fire hits the hell knight.
The hell knight completely resists.
The bolt of fire hits you!!
* * * LOW HITPOINT WARNING * * *
The bolt of fire hits the hell knight.
The hell knight completely resists.
The hell knight points at you and mumbles some strange words.
The bolt of fire hits you!
You die...
Your body rises from the dead as a mindless zombie.

* #.#.# * #.#.#, ,, , ####
#.#.# , ###... #...+ , ,
*#.....#* #.#.# * .......
### #.#.##+### .......*#.#
#.#.##...# ,
∩..8...##.#######...(.<..#
,, *
......)'.ppp@..p..######.+
*......)############ *#, ,
#......* ###...#* * ####


You could see 4 hell knights.

Vanquished Creatures
  Vashnia (Snake:2)
  Nikola (Swamp:2)
  Mlioglotl (Swamp:1)
  Frances (Snake:1)
  Agnes (Snake:2)
  3 thorn hunters
  15 nagarajas (Snake:4)
  Louise (Snake:2)
  Aizul (Snake:1)
  A stone giant (Depths:1)
  Nessos (D:15)
  4 bunyips
  8 eleionomae
  Azrael (Snake:1)
  4 boulder beetles
  A fire dragon (D:15)
  27 hydras
  2 ghost crabs
  A salamander tyrant (Snake:2)
  2 catoblepae
  Harold (D:10)
  5 ogre magi
  5 anacondas
  2 death knights
  14 naga warriors
  20 two-headed ogres
  4 guardian serpent zombies
  Erica (D:10)
  14 centaur warriors
  A tengu warrior (D:14)
  9 alligators
  4 death yaks (Lair:6)
  A shock serpent (shapeshifter) (D:13)
  14 naga sharpshooters
  A shock serpent (Snake:2)
  Sonja (Lair:6)
  Urug (D:10)
  2 salamander mystics
  A hell knight (Depths:1)
  2 skeletal warriors
  3 bog bodies (Swamp:1)
  3 spriggan druids
  2 spriggan riders
  9 goliath frogs
  An orc knight (D:14)
  2 anaconda zombies (Snake:4)
  6 naga ritualists
  An ugly thing zombie (D:14)
  10 swamp dragons
  A necromancer (Depths:1)
  A wizard (D:14)
  Pikel (D:7)
  9 mana vipers
  A deep elf zephyrmancer (D:13)
  A goliath frog zombie (Swamp:2)
  5 deep elf pyromancers
  4 orc sorcerers
  5 ugly things
  4 will-o-the-wisps
  12 salamanders
  7 cyclopes
  11 manticores
  36 black mambas
  22 elephants
  6 guardian serpents
  10 naga magi
  Maggie (D:6)
  24 cane toads
  3 gargoyles
  5 rime drakes
  2 unseen horrors
  Psyche (D:10)
  4 komodo dragons
  A death yak zombie (Lair:6)
  3 freezing wraiths
  3 spectral mana vipers
  3 tengu conjurers
  2 efreet
  2 hydra zombies (Swamp:4)
  2 ice devils (Orc:1)
  9 trolls
  A troll (shapeshifter) (D:14)
  7 tyrant leeches
  4 hornets
  14 dream sheep
  3 polar bears
  14 blink frogs
  3 alligator zombies
  A slime creature (D:13)
  2 spriggans
  4 wraiths
  13 black mamba zombies
  Sigmund (D:5)
  A vampire (D:11)
  20 yaks
  A shadow (D:12)
  4 basilisks
  A hog (shapeshifter) (D:13)
  2 tyrant leech zombies
  3 wyverns
  2 hogs (Snake:1)
  Eustachio (D:6)
  17 humans
  12 vampire mosquitoes
  7 wargs
  6 human zombies
  13 swamp worms
  5 two-headed ogre zombies
  5 cane toad zombies
  43 nagas
  4 acid dragons
  2 spectral efreet
  A floating eye (D:13)
  4 hell hounds (Snake:1)
  27 water moccasins
  An elf zombie (D:14)
  8 swamp drakes
  An ice beast (D:7)
  A hornet zombie (Swamp:2)
  4 manticore zombies
  14 orc warriors
  A swamp dragon zombie (Swamp:3)
  3 elephant zombies
  A ghost crab zombie (Swamp:2)
  A necrophage (D:6)
  6 blink frog zombies
  A dream sheep zombie (Lair:6)
  22 ogres
  3 centaurs
  16 wolves
  A hog zombie (Snake:1)
  2 lemures (D:7)
  5 kobold brigands
  A phantom (D:5)
  23 naga zombies
  15 bullfrogs
  2 vampire mosquito zombies
  5 salamander zombies (Snake:4)
  A cyclops zombie (D:15)
  A cane toad simulacrum (IceCv)
  8 gnoll sergeants (Bailey)
  2 two-headed ogre simulacra (IceCv)
  9 water moccasin zombies
  5 yak zombies
  A tengu zombie (D:14)
  A wyvern skeleton (D:7)
  A warg zombie (Orc:1)
  4 spriggan zombies
  2 troll zombies
  4 killer bees (D:8)
  8 howler monkeys
  2 electric eels (D:14)
  6 wolf zombies
  3 bullfrog zombies
  9 centaur zombies
  A basilisk zombie (Lair:6)
  A jelly (D:7)
  9 orc priests
  7 gnoll shamans
  6 hounds
  27 orc wizards
  3 troll simulacra (IceCv)
  A killer bee zombie (D:8)
  An acid dragon zombie (D:13)
  3 ogre zombies
  4 howler monkey zombies
  Robin (D:3)
  25 gnolls
  18 adders
  3 ufetubi
  3 adder zombies
  2 worms
  4 dart slugs
  37 orcs
  8 ball pythons
  2 bat zombies (Sewer)
  10 endoplasms
  2 giant cockroaches
  12 gnoll zombies
  15 goblins
  15 hobgoblins
  3 quokkas
  7 bats
  5 frilled lizards
  A goblin zombie (D:8)
  A hobgoblin zombie (D:4)
  22 kobolds
  A kobold zombie (D:9)
  17 orc zombies
  7 rats
  A rat zombie (Sewer)
  A spectral endoplasm (D:4)
  A spectral ufetubus (D:5)
1157 creatures vanquished.

Vanquished Creatures (collateral kills)
  Kirke (Snake:1)
  A nagaraja (Snake:4)
  A thorn hunter (Swamp:4)
  2 bunyips
  A fire dragon (D:15)
  A naga warrior (Snake:4)
  4 boulder beetles
  2 salamander tyrants (Snake:4)
  2 ghost crabs
  3 hydras
  3 alligators
  5 two-headed ogres (Orc:2)
  2 death yaks (Lair:6)
  2 naga sharpshooters (Snake:4)
  A salamander mystic (Snake:4)
  A fire crab (Lair:4)
  A goliath frog (Swamp:3)
  An orc knight (D:13)
  2 ugly things (D:14)
  A cyclops (D:13)
  A will-o-the-wisp (Swamp:4)
  2 slime creatures (D:13)
  4 elephants
  3 salamanders (Snake:4)
  5 naga magi
  2 black mambas
  A guardian serpent (Snake:4)
  2 cane toads (Lair:6)
  A komodo dragon (Lair:5)
  7 blink frogs
  3 tyrant leeches
  2 dream sheep (Lair:6)
  A vampire (D:10)
  A wraith (D:13)
  6 yaks
  A basilisk (Lair:4)
  9 nagas
  3 vampire mosquitoes (Lair:6)
  2 swamp worms
  A warg (Orc:1)
  6 water moccasins
  2 swamp drakes
  2 ogres (Orc:2)
  A black bear (Lair:5)
  A wolf (Lair:2)
  A centaur (D:10)
  3 bullfrogs
  A howler monkey (D:14)
  An orc wizard (D:9)
  A hound skeleton (D:4)
  2 gnolls (Bailey)
  4 adders
  9 orcs
  2 endoplasms
  3 goblins
  A hobgoblin (D:4)
  A frilled lizard (D:3)
  2 kobolds
  A rat (Sewer)
  A bush (Lair:5)
139 creatures vanquished.

Vanquished Creatures (others)
  A bunyip (Swamp:2)
  A spriggan rider (Swamp:2)
  2 ugly thing zombies (D:13)
  An eleionoma zombie (Swamp:4)
  5 centaur zombies
  A swamp worm zombie (Swamp:4)
  A spectral mana viper (Snake:2)
  11 hydra zombies
  2 bloated husks
  A hornet (Swamp:2)
  2 guardian serpent zombies (Snake:4)
  2 boulder beetle zombies
  An alligator zombie (Swamp:3)
  4 black mamba zombies (Snake:3)
  2 spriggans (Swamp:2)
  A human (Snake:1)
  5 two-headed ogre zombies
  A cane toad zombie (Lair:6)
  18 naga zombies
  2 manticore zombies
  An elephant zombie (Lair:6)
  2 elf zombies
  A swamp dragon zombie (Swamp:4)
  A dream sheep zombie (Lair:6)
  A blink frog zombie (Lair:6)
  A spectral naga (Snake:2)
  5 vampire mosquito zombies
  2 salamander zombies
  3 cyclops zombies
  2 water moccasin zombies
  A wyvern zombie (Lair:5)
  A troll zombie (D:14)
  A yak zombie (Lair:2)
  3 wolf zombies
  2 bullfrog zombies (Lair:1)
  A basilisk zombie (D:13)
  6 human zombies
  10 ogre zombies (Orc:2)
  2 swamp drake zombies (Swamp:4)
  11 gnoll zombies
  2 kobold zombies
  8 orc zombies
  A spectral endoplasm (D:4)
  14 foxfires
  74 fungi
  117 plants
337 creatures vanquished.

Grand Total: 1633 creatures vanquished

Notes
Turn   | Place    | Note
-------+----------+-------------------------------------------
     0 | D:1      | Sin92 the Demonspawn Fighter began the quest for the Orb.
     0 | D:1      | Reached XP level 1. HP: 18/18 MP: 1/1
   128 | D:1      | Reached skill level 2 in Axes
   276 | D:1      | Gained mutation: You have an unusually large brain. (Int
                  | +2) [demonic ancestry]
   276 | D:1      | Reached XP level 2. HP: 17/24 MP: 2/2
  1028 | D:2      | Gained mutation: You have large cloven feet. [demonic
                  | ancestry]
  1028 | D:2      | Reached XP level 3. HP: 21/29 MP: 3/3
  1265 | D:2      | Found Raygawk's Antique Armour Emporium.
  1657 | D:3      | Noticed Robin
  1680 | D:3      | Gained mutation: Your demonic aura sometimes causes spilled
                  | blood to erupt in flames. [demonic ancestry]
  1680 | D:3      | Reached XP level 4. HP: 18/35 MP: 4/4
  2000 | D:3      | Found a faded altar of an unknown god.
  2069 | D:3      | Reached skill level 3 in Axes
  2126 | D:3      | Prayed at the altar of an unknown god.
  2126 | D:3      | Became a worshipper of Yredelemnul the Dark
  2126 | D:3      | Reached * piety under Yredelemnul
  2266 | D:3      | Identified the +5 scale mail "Gulug" {Regen+ Dex+6}
  2324 | D:3      | Reached XP level 5. HP: 42/42 MP: 5/5
  2372 | D:3      | Killed Robin
  2568 | D:4      | Noticed an ogre
  2577 | D:4      | Killed an ogre
  2653 | D:4      | Reached ** piety under Yredelemnul
  2654 | D:4      | Gained mutation: Your demonic aura often causes spilled
                  | blood to erupt in flames. [demonic ancestry]
  2654 | D:4      | Reached XP level 6. HP: 48/48 MP: 6/6
  2793 | D:4      | Found a staircase to the Ecumenical Temple.
  2950 | D:5      | Entered Level 5 of the Dungeon
  3027 | D:5      | Reached skill level 4 in Axes
  3029 | D:5      | Found a glowing drain.
  3038 | Sewer    | Entered a sewer
  3293 | Sewer    | Gained mutation: You are partially covered in sharp spines.
                  | [demonic ancestry]
  3293 | Sewer    | Reached XP level 7. HP: 55/55 MP: 7/7
  3511 | D:5      | Reached skill level 5 in Axes
  3615 | D:5      | Noticed Sigmund
  3618 | D:5      | Killed Sigmund
  3661 | D:5      | Reached skill level 5 in Fighting
  3672 | D:5      | Gained mutation: You have hoof-like feet. [demonic
                  | ancestry]
  3672 | D:5      | Reached XP level 8. HP: 50/62 MP: 8/8
  3863 | D:5      | Found a shimmering blue altar of Sif Muna.
  4057 | D:6      | Reached skill level 6 in Axes
  4095 | D:6      | Reached skill level 1 in Dodging
  4095 | D:6      | Reached skill level 5 in Shields
  4144 | D:6      | Noticed Maggie
  4158 | D:6      | Killed Maggie
  4159 | D:6      | Reached skill level 5 in Armour
  4202 | D:6      | Noticed Eustachio
  4210 | D:6      | Killed Eustachio
  4241 | D:6      | Reached XP level 9. HP: 69/69 MP: 9/9
  4252 | D:6      | Reached skill level 7 in Axes
  4826 | D:7      | Noticed Pikel
  4840 | D:7      | Killed Pikel
  5037 | D:7      | Gained mutation: You passively map a small area around you.
                  | [potion of mutation]
  5323 | D:8      | Reached skill level 8 in Axes
  5431 | D:8      | Found a flagged portal.
  5447 | Bailey   | Entered a bailey
  5558 | Bailey   | Gained mutation: You have hooves in place of feet. [demonic
                  | ancestry]
  5558 | Bailey   | Reached XP level 10. HP: 19/77 MP: 10/10
  6881 | D:9      | Found a staircase to the Orcish Mines.
  6929 | D:9      | Noticed a gargoyle
  6935 | D:9      | Killed a gargoyle
  6936 | D:9      | Reached skill level 9 in Axes
  7515 | D:10     | Entered Level 10 of the Dungeon
  7529 | D:10     | Noticed Urug
  7542 | D:10     | Killed Urug
  7757 | D:10     | Noticed Psyche
  7758 | D:10     | Found the +7 staff of the Meek {protect, meekguard}
  7764 | D:10     | Killed Psyche
  7765 | D:10     | Reached skill level 5 in Dodging
  7765 | D:10     | Gained mutation: You are mostly covered in sharp spines.
                  | [demonic ancestry]
  7765 | D:10     | Reached XP level 11. HP: 73/85 MP: 11/11
  7874 | D:10     | Noticed a centaur warrior
  7879 | D:10     | Killed a centaur warrior
  8068 | D:10     | Noticed Harold
  8068 | D:10     | Noticed Erica
  8072 | D:10     | Killed Harold
  8073 | D:10     | Reached skill level 10 in Axes
  8079 | D:10     | Killed Erica
  8079 | D:10     | Reached *** piety under Yredelemnul
  8654 | D:11     | Found a staircase to the Lair.
  9234 | D:11     | Identified the +9 long sword of Irksome Tender Mercy
                  | {protect, Str+3 Stlth+}
  9328 | D:12     | Noticed a skeletal warrior
  9330 | D:12     | Noticed a death knight
  9332 | D:12     | Noticed a skeletal warrior
  9651 | Lair:1   | Entered Level 1 of the Lair of Beasts
 10021 | Lair:1   | Reached skill level 11 in Axes
 10025 | Lair:1   | Reached XP level 12. HP: 65/94 MP: 12/12
 10053 | Lair:1   | Found a hide-covered altar of Uskayaw.
 10062 | Lair:1   | Found an ornate altar of the Wu Jian Council.
 10063 | Lair:1   | Noticed a boulder beetle
 10079 | Lair:1   | Killed a boulder beetle
 10435 | Lair:1   | Reached **** piety under Yredelemnul
 10639 | Lair:1   | Reached ***** piety under Yredelemnul
 10687 | Lair:1   | Reached ****** piety under Yredelemnul
 10901 | Lair:2   | Noticed a seven-headed hydra
 10909 | Lair:2   | Killed a three-headed hydra
 10938 | Lair:2   | Reached skill level 1 in Invocations
 11016 | Lair:2   | Noticed an eight-headed hydra
 11023 | Lair:2   | Killed a six-headed hydra
 11512 | Lair:2   | Reached skill level 12 in Axes
 11985 | Lair:3   | Reached XP level 13. HP: 85/103 MP: 15/15
 12046 | Lair:3   | Found a staircase to the Swamp.
 12468 | Lair:4   | Reached skill level 10 in Fighting
 12490 | Lair:4   | Reached skill level 5 in Invocations
 12664 | Lair:4   | Found a staircase to the Snake Pit.
 13544 | Lair:5   | Reached skill level 13 in Axes
 14417 | Lair:6   | Entered Level 6 of the Lair of Beasts
 14452 | Lair:6   | Gained mutation: You have an extremely huge brain. (Int +4)
                  | [demonic ancestry]
 14452 | Lair:6   | Reached XP level 14. HP: 70/111 MP: 19/19
 14545 | Lair:6   | Reached skill level 10 in Shields
 14563 | Lair:6   | Noticed Sonja
 14567 | Lair:6   | Killed Sonja
 14568 | Lair:6   | Reached skill level 10 in Armour
 14833 | Lair:6   | Reached skill level 14 in Axes
 15233 | Lair:6   | Found a staircase to the Slime Pits.
 15494 | Orc:1    | Entered Level 1 of the Orcish Mines
 15601 | Orc:1    | Found a frozen archway.
 15631 | IceCv    | Entered an ice cave
 16095 | Orc:2    | Entered Level 2 of the Orcish Mines
 16095 | Orc:2    | Found a staircase to the Elven Halls.
 16114 | Orc:2    | Paralysed by an orc sorcerer for 6 turns
 16519 | Orc:2    | Gained mutation: Your demonic aura causes all spilled blood
                  | to erupt in flames. [demonic ancestry]
 16519 | Orc:2    | Reached XP level 15. HP: 120/120 MP: 22/22
 16530 | Orc:2    | Found Necuoxyl's Jewellery Emporium.
 16537 | Orc:2    | Found Hep Ale's Magic Scroll Boutique.
 16537 | Orc:2    | Found Zuegongi's Jewellery Shoppe.
 16537 | Orc:2    | Found Naaz's Antique Armour Boutique.
 16547 | Orc:2    | Reached skill level 10 in Invocations
 16548 | Orc:2    | Reached skill level 15 in Axes
 16565 | Orc:2    | Bought the amulet "Uqief" {Reflect Fly rElec Will++ SH+5
                  | Stlth+} for 802 gold pieces
 16617 | Orc:2    | Bought a ring of poison resistance for 280 gold pieces
 16622 | Orc:2    | Bought a runed plate armour for 884 gold pieces
 17232 | D:12     | Found a portal to a secret trove of treasure.
 18306 | D:13     | Paralysed by a floating eye for 4 turns
 18525 | D:13     | Reached XP level 16. HP: 97/129 MP: 24/24
 18967 | D:14     | Found a gate to the Vaults.
 18995 | D:14     | Reached skill level 16 in Axes
 19653 | D:15     | Entered Level 15 of the Dungeon
 19698 | D:15     | Noticed Nessos
 19704 | D:15     | Killed Nessos
 19844 | D:15     | Your ally Nessos died
 20408 | D:15     | Found a staircase to the Depths.
 20891 | Orc:2    | Bought a scroll of enchant weapon for 97 gold pieces
 20891 | Orc:2    | Bought a scroll of enchant armour for 97 gold pieces
 20891 | Orc:2    | Bought a scroll of enchant armour for 97 gold pieces
 20893 | Orc:2    | Bought a runed cloak for 255 gold pieces
 21066 | Swamp:1  | Entered Level 1 of the Swamp
 21210 | Swamp:1  | Noticed Mlioglotl
 21220 | Swamp:1  | Killed Mlioglotl
 21971 | Swamp:2  | Noticed Nikola
 21981 | Swamp:2  | Killed Nikola
 21982 | Swamp:2  | Reached XP level 17. HP: 99/137 MP: 25/25
 22386 | Swamp:3  | Reached skill level 17 in Axes
 23056 | Swamp:4  | Entered Level 4 of the Swamp
 23221 | Swamp:4  | Found a transporter.
 23221 | Swamp:4  | Noticed firemarshallily's ghost (adept MfGl)
 23303 | Swamp:4  | Got a decaying rune of Zot
 23462 | Swamp:4  | Found the +4 moon troll leather armour {Spirit, Regen++
                  | MP+5}
 23726 | Swamp:4  | Found a transporter.
 23907 | Snake:1  | Entered Level 1 of the Snake Pit
 23907 | Snake:1  | Noticed Azrael
 23921 | Snake:1  | Killed Azrael
 23922 | Snake:1  | Noticed Aizul
 23933 | Snake:1  | Killed Aizul
 24048 | Snake:1  | Noticed Kirke
 24061 | Snake:1  | Killed Kirke
 24139 | Snake:1  | Your ally Aizul died
 24149 | Snake:1  | Your ally Azrael died
 24160 | Snake:1  | Your ally Kirke died
 24252 | Snake:1  | Noticed Frances
 24259 | Snake:1  | Killed Frances
 24320 | Snake:1  | Found a shadowy altar of Dithmenos.
 24638 | Snake:2  | Gained mutation: You have an absolutely massive brain. (Int
                  | +6, Wiz) [demonic ancestry]
 24638 | Snake:2  | Reached XP level 18. HP: 146/146 MP: 26/26
 24718 | Snake:2  | Noticed Louise
 24729 | Snake:2  | Killed Louise
 24730 | Snake:2  | Reached skill level 18 in Axes
 24736 | Snake:2  | Noticed Vashnia
 24745 | Snake:2  | Noticed Agnes
 24758 | Snake:2  | Killed Vashnia
 24763 | Snake:2  | Your ally Vashnia died
 24769 | Snake:2  | Killed Agnes
 25275 | Snake:2  | Found Ismytoxa's Book Shoppe.
 25275 | Snake:2  | Found Ageynaciff's Jewellery Boutique.
 25276 | Snake:2  | Found Yfapsekh's Jewellery Boutique.
 25286 | Snake:2  | Bought the ring of Camiq {rN++ Will+ Dex+6} for 897 gold
                  | pieces
 25894 | Snake:3  | Reached skill level 10 in Dodging
 26162 | Snake:3  | Identified the ring "Oshreo Qereom" {rF+ rC- Str+2 Int+6
                  | Dex+7}
 26238 | Snake:4  | Entered Level 4 of the Snake Pit
 26808 | Snake:4  | Got a serpentine rune of Zot
 27061 | Snake:4  | Reached skill level 15 in Fighting
 27403 | Snake:4  | Reached skill level 19 in Axes
 27403 | Snake:4  | Gained mutation: Your magical and physical power is
                  | slightly enhanced at high health. [demonic ancestry]
 27403 | Snake:4  | Reached XP level 19. HP: 155/155 MP: 27/27
 27995 | Depths:1 | Entered Level 1 of the Depths
 28034 | Depths:1 | Found a gateway to Hell.
 28057 | Depths:1 | Killed from afar by a hell knight

Illustrated notes

Levels and vault maps discovered:
D:1:      psy_arrival_dodecagon, layout_basic, chequers_serial_rivers_micro_a
D:2:      layout_rooms, serial_shops, nicolae_shop_overgrown_old_shop,
          minmay_goblin_outpost
D:3:      layout_rooms, dreamdust_ecumenical_altar_statues,
          chequers_serial_rivers_micro_b, uniq_robin
D:4:      layout_cave_pools, minmay_temple_entry_glassed_door,
          serial_bayou_pond_b
D:5:      layout_basic, nicolae_sif_muna_condensation, portal_sewer_entry_d,
          uniq_sigmund
D:6:      layout_rooms, serial_glass, glass_columns_a, glass_columns_b,
          kennysheep_generic_room_12, uniq_maggie, uniq_eustachio
D:7:      layout_loops_ring, uniq_pikel
D:8:      layout_basic, enter_bailey_5, amcnicky_mini_rare_corridor_liquid,
          kennysheep_generic_room_16
D:9:      layout_long_grid, orc_0_dummy
D:10:     layout_gridville, uniq_psyche, uniq_harold, uniq_erica, uniq_urug
D:11:     layout_gridville, erik_lair_orcish_takeover, worms_lemuel
D:12:     layout_loops_ring, nicolae_trove_entry_isolated
D:13:     minmay_ornate_pinched, layout_grid_maze, onia_ninara_cookie
D:14:     layout_cave_pools, david_vaults_3, chequers_serial_rivers_room_a,
          kennysheep_dice
D:15:     grunt_enter_depths_hoard, layout_irregular_city, abandoned_shop,
          uniq_nessos
Lair:1:   lemuel_reptile_caves, layout_layer_cave,
          nzn_masters_of_martial_movement, lemuel_fruit_fields
Lair:2:   hellmonk_warped_wall, layout_gridlike, minmay_holes
Lair:3:   layout_loops_ring, minmay_swamp_entry_worms,
          infiniplex_staircase_pool, grunt_megastairs_5
Lair:4:   layout_roguey, minmay_snake_entry_guardpost_small
Lair:5:   layout_hall_layers, columned_hall_lemuel, grunt_megastairs_1
Lair:6:   minmay_lair_end_frog_pond, layout_concentric_octagons,
          dpeg_slime_entry_corner, uniq_sonja
Swamp:1:  layout_falls_marsh, serial_swamp_ruin, hangedman_swamp_ruin_hall,
          evilmike_swamp_ruin_rubble_2, swamp_pool4, uniq_mlioglotl
Swamp:2:  layout_basic_swamp, nicolae_swamp_treefoil, swamp_pool4, uniq_nikola
Swamp:3:  layout_falls_marsh, evilmike_swamp_ruin_house_3
Swamp:4:  swamp, layout_basic_swamp, gammafunk_ghost_mausoleum
Snake:1:  layout_onion, basic_altar, uniq_aizul, uniq_frances, uniq_azrael,
          uniq_kirke
Snake:2:  layout_misc_corridors, minmay_shop_grove, uniq_agnes, uniq_vashnia,
          uniq_louise
Snake:3:  layout_honeycomb
Snake:4:  grunt_snake_rune_spirals, layout_onion, st_stairs_13
Orc:1:    cheibrodos_orc_guarddog, layout_caves, portal_ice_cave_demonic_guard
Orc:2:    st_orc_ogre_mass, layout_caves, guppyfry_library_mini
Depths:1: layout_gridlike, abyss_entry_crystal, grunt_pan_entry_sceptre,
          chequers_serial_rivers_small_3, grunt_metal_band,
          minmay_misc_feat_more_columns, fedhas_altar_fruit_tree

Skill      XL: |  1  2  3  4  5  6  7  8  9 10 11 12 13 14 15 16 17 18 19 |
---------------+----------------------------------------------------------+-----
Axes           | 2 3 4 5 6 8 9 11 12 13 14 15 16 17 19 | 19.1
Armour         | 3 4 5 6 7 8 9 10 11 12 13 14 | 14.0
Shields        | 3 4 5 6 7 8 9 10 11 12 13 14 | 14.0
Fighting       | 4 5 6 7 8 9 10 11 12 13 14 15 | 15.1
Dodging        | 2 3 5 6 7 8 9 10 | 10.7
Invocations    | 3 7 9 11 | 11.7

Action                   |  1- 3 |  4- 6 |  7- 9 | 10-12 | 13-15 | 16-18 | 19-21 || total
-------------------------+-------+-------+-------+-------+-------+-------+-------++-------
Melee: War axe           |   114 |   120 |   169 |   392 |   655 |  1008 |    62 ||  2520
       Kick              |     7 |    30 |    56 |   162 |   289 |   494 |    33 ||  1071
Throw: Throwing net      |       |       |       |     5 |     3 |       |       ||     8
Invok: Bind Soul         |       |       |       |       |       |     3 |       ||     3
       Dark Bargain      |       |       |       |       |       |     1 |       ||     1
Evoke: Wand              |       |       |       |       |     1 |       |       ||     1
  Use: Scroll            |     4 |     3 |     6 |     9 |     3 |     4 |       ||    29
       Potion            |       |     1 |    11 |     7 |     1 |     6 |       ||    26
 Stab: Invisible         |       |       |     2 |     1 |       |       |       ||     3
       Distracted        |       |       |       |     3 |    10 |    16 |     1 ||    30
       Sleeping          |       |       |       |       |     2 |     3 |       ||     5
Armor: Scale mail        |    62 |    76 |   107 |   152 |   216 |   290 |    11 ||   914
Dodge: Dodged            |    55 |    52 |   110 |   245 |   293 |   374 |    17 ||  1146
Block: Buckler           |    31 |    38 |    85 |   128 |   254 |   344 |       ||   880
       Reflection        |       |       |       |       |     5 |    98 |     3 ||   106
       Kite shield       |       |       |       |       |       |   323 |    62 ||   385
